 Dungeon Crawl Stone Soup version 0.13-a0-2450-ga447c6a (webtiles) character file.

299 Rycklaryybbe the Grave Robber (level 5, 0/42 HPs)
             Began as a Deep Dwarf Necromancer on July 17, 2013.
             Slain by a phantom (7 damage)
             ... on Level 4 of the Dungeon.
             The game lasted 00:11:36 (3156 turns).

Rycklaryybbe the Grave Robber (DDNe)                Turns: 3156, Time: 00:11:36

HP   0/42        AC  4     Str 11      XL: 5   Next: 73%
MP  12/12        EV 16     Int 17      God:
Gold 67          SH  0     Dex 18      Spells:  3 memorised,  6 levels left

Res.Fire  : . . .   See Invis. : .   y - -1,+1 orc hand axe
Res.Cold  : . . .   Warding    : .   e - +0 leather armour
Life Prot.: . . .   Conserve   : .   (no shield)
Res.Poison: .       Res.Corr.  : .   (no helmet)
Res.Elec. : .       Clarity    : .   v - +0 cloak
Sust.Abil.: . .     Spirit.Shd : .   (no gloves)
Res.Mut.  : .       Stasis     : .   (no boots)
Res.Rott. : .       Flight     : .   (no amulet)
Saprovore : . . .                    (no ring)
                                     (no ring)

@: non-regenerating, agile, somewhat resistant to hostile enchantments, quite
stealthy
A: damage resistance, recharge devices, sense surroundings 1, slow healing 3
a: Device Recharging


You were on level 4 of the Dungeon.
You were hungry.

You visited 1 branch of the dungeon, and saw 5 of its levels.

You collected 47 gold pieces.

Inventory:

Hand weapons
 h - a +2,+1 mace
 m - a +0,+0 spear
 x - a +1 blowgun
 y - a -1,+1 orcish hand axe (weapon)
Missiles
 o - a throwing net (quivered)
 t - a throwing net [torn]
 C - 7 poisoned needles
Armour
 a - a +0 robe
 e - a +0 leather armour (worn)
 v - a +0 cloak (worn)
Magical devices
 c - a wand of heal wounds (0)
Comestibles
 d - 2 bread rations
 g - a royal jelly
 i - a meat ration
 B - a chunk of giant cockroach flesh
 D - 2 rotting chunks of ogre flesh
 E - a rotting chunk of goblin flesh
Scrolls
 f - 4 scrolls of identify {unknown}
 l - a scroll of curse jewellery {unknown}
 w - 2 scrolls of remove curse {unknown}
 z - a scroll of teleportation {unknown}
 A - 2 scrolls of enchant armour {unknown}
Jewellery
 p - an uncursed ring of positive energy {unknown}
 q - an uncursed ring of positive energy {unknown}
 u - an uncursed amulet of faith {unknown}
Potions
 j - a potion of heal wounds {unknown}
 k - a potion of speed {unknown}
 n - a potion of agility
 s - a potion of curing {unknown}
Books
 b - a book of Necromancy

   Spells                             Type                      Level
   *Pain                              Necromancy                   1
   Animate Skeleton                   Necromancy                   1
   *Lethal Infusion                   Charms/Necromancy            2
   *Vampiric Draining                 Necromancy                   3
   Regeneration                       Charms/Necromancy            3
   Animate Dead                       Necromancy                   4
   Control Undead                     Necromancy                   4
 r - a book of Power

   Spells                             Type                      Level
   Iskenderun's Mystic Blast          Conjuration                  4
   Venom Bolt                         Conjuration/Poison           5
   Bolt of Magma                      Conjuration/Fire/Earth       5
   Fulminant Prism                    Conjuration/Hexes            5
   Iron Shot                          Conjuration/Earth            6
   Orb of Destruction                 Conjuration                  7


   Skills:
 - Level 2.1 Dodging
 - Level 2.4 Stealth
 + Level 4.1 Spellcasting
 * Level 5.4 Necromancy


You had 6 spell levels left.
You knew the following spells:

 Your Spells              Type           Power        Failure   Level  Hunger
a - Pain                  Necr           ###.         1%          1    None
b - Lethal Infusion       Chrm/Necr      ##........   10%         2    ##.....
c - Vampiric Draining     Necr           ###.......   8%          3    ###....


Dungeon Overview and Level Annotations

Branches:
Dungeon (5/27)
 Temple: D:4-7

Altars:
the Shining One

Shops:
D:4: ?


Innate Abilities, Weirdness & Mutations

You are resistant to damage.
You can recharge devices by infusing magical energy.
You passively map a small area around you.
You do not heal naturally.


Message History

The hobgoblin hits you but does no damage.
You hit the hobgoblin.
The hobgoblin is heavily wounded.
The hobgoblin barely misses you.
You closely miss the hobgoblin.
The hobgoblin is heavily wounded.
The hobgoblin hits you with an orcish club.
* * * LOW HITPOINT WARNING * * *
The phantom hits you but does no damage.
You are too injured to fight recklessly!
You are too injured to fight recklessly!
You are too injured to fight recklessly!
The hobgoblin closely misses you. The phantom hits you.
* * * LOW HITPOINT WARNING * * *
The hobgoblin misses you. The phantom misses you. The hobgoblin misses you.
The phantom barely misses you.
You miss the phantom.
The phantom is heavily damaged.
The phantom hits you!
You die...

* $.. #.#* * , , .......
... , , * #.....* #.##### *
, # #..... #.....# * .
#.#.....###.....### ,.. * *
##.#................. ...
#......# #%..(.# ##.... ,*
###......#####)######......
,
........gp@................
###......#####.######......
, , #......##.....# ......
, #......##.....# *...... ,
#.............#####...... ,
#............[........... ,
* ##......##.........######
, .........∩..........# #
....................# .


You could see a phantom and a hobgoblin.

Vanquished Creatures
  An ogre (D:4)
  A worker ant (D:4)
  4 adders
  An inept feature mimic (D:2)
  A worm (D:4)
  A giant mite (D:1)
  2 giant geckos
  2 orcs
  5 ball pythons
  18 bats
  2 giant cockroaches
  10 hobgoblins
  9 jackals
  3 kobolds
  A quokka (D:3)
  7 giant newts
  3 goblins
  A quokka skeleton (D:4)
  6 rats
78 creatures vanquished.

Vanquished Creatures (others)
  A bat skeleton (D:4)
  A rat (D:3)
2 creatures vanquished.

Grand Total: 80 creatures vanquished

Notes
Turn   | Place    | Note
--------------------------------------------------------------
     0 | D:1      | Rycklaryybbe, the Deep Dwarf Necromancer, began the quest for the Orb.
     0 | D:1      | Reached XP level 1. HP: 15/15 MP: 3/3
   173 | D:1      | Reached XP level 2. HP: 22/22 MP: 2/4
  1235 | D:2      | Reached XP level 3. HP: 28/28 MP: 6/6
  1595 | D:2      | Learned a level 2 spell: Lethal Infusion
  1599 | D:2      | Learned a level 3 spell: Vampiric Draining
  1627 | D:2      | Found a glowing golden altar of the Shining One.
  2072 | D:3      | Reached XP level 4. HP: 23/36 MP: 7/9
  2765 | D:4      | Noticed an ogre
  2777 | D:4      | Killed an ogre
  2777 | D:4      | Reached skill level 5 in Necromancy
  2777 | D:4      | Reached XP level 5. HP: 32/42 MP: 7/12
  2783 | D:4      | Found Phakkiath's Magic Scroll Emporium.
  2838 | D:4      | Noticed a phantom
  2882 | D:5      | Entered Level 5 of the Dungeon
  2902 | D:5      | Noticed an ogre
  3053 | D:4      | Noticed a phantom
  3104 | D:4      | HP: 2/42 [phantom (4)]
  3156 | D:4      | Slain by a phantom

Action                   |  1- 3 |  4- 6 || total
-------------------------+-------+-------++-------
Melee: Unarmed           |    59 |       ||    59
       Spear             |     4 |       ||     4
       Mace              |    37 |     8 ||    45
       Hand axe          |       |    65 ||    65
Throw: Throwing net      |       |     2 ||     2
 Cast: Pain              |    50 |    30 ||    80
       Vampiric Draining |     1 |     7 ||     8
       Lethal Infusion   |     1 |     7 ||     8
Evoke: Wand              |     3 |     2 ||     5
  Use: Potion            |       |     1 ||     1
 Stab: Sleeping          |     1 |       ||     1
       Held in net/web   |       |     1 ||     1
